 Dungeon Sprint DCSS version 0.31-a0-339-gda1cbd555d (webtiles) character file.

Game seed: 18374553883860200314

2400000 Monkooky the Demolition Kobold (level 17, -18/133 HPs)
             Began as a Kobold Warper on July 20, 2023.
             Was an Elder of Makhleb.
             Demolished by a large bag of meat
             ... wielding a +9 giant spiked club
              (48 damage)
             ... in the Dungeon (Sprint VIII: "Arena of Blood").
             The game lasted 00:00:54 (24 turns).

Monkooky the Demolition Kobold (Kobold Warper)        Turns: 24, Time: 00:00:54

Health: -18/133    AC:  3    Str:  8    XL:     17   Next: 43%
Magic:  7/34       EV: 34    Int: 17    God:    Makhleb [****..]
Gold:   0          SH:  0    Dex: 20    Spells: 37/37 levels left

rFire   . . .        j - +∞ Axe of Woe
rCold   . . .        (shield currently unavailable)
rNeg    . . .        b - +0 leather armour
rPois   .            (no helmet)
rElec   .            (no cloak)
rCorr   .            (no gloves)
SInv    .            (no boots)
Will    +....        (no amulet)
Stlth   ++           (no ring)
HPRegen 0.42/turn    (no ring)
MPRegen 0.24/turn

%: no teleportation
@: no status effects
A: small, no large weapons, nightstalker 3
a: Renounce Religion, Minor Destruction, Lesser Servant of Makhleb, Major
Destruction


You were in the Dungeon.
You worshipped Makhleb.
Makhleb was greatly pleased with you.
You visited 1 branch

Inventory:

Hand Weapons
 a - a +0 hand axe
 j - the +∞ Axe of Woe (weapon)
   (You found it in the Dungeon)
Missiles
 d - 7 boomerangs of dispersal (quivered)
Armour
 b - a +0 leather armour (worn)
Scrolls
 c - 2 scrolls of blinking
Potions
 e - a potion of curing
 f - a potion of heal wounds
 g - a potion of haste
 h - 2 potions of magic
 i - a potion of berserk rage


   Skills:
 + Level 24.3 Fighting
 + Level 21.4 Axes
 - Level 4.1 Throwing
 - Level 3.1 Armour
 + Level 25.7 Dodging
 - Level 10.9 Spellcasting
 - Level 17.9 Translocations
 O Level 27 Invocations


You had 37 spell levels left.
You didn't know any spells.
Your spell library contained the following spells:

 Spells                   Type           Power      Damage    Failure   Level
 Blink                    Tloc           100%       N/A       0%          2
 Lesser Beckoning         Tloc           100%       N/A       0%          2
 Teleport Other           Tloc           63%        N/A       1%          3
 Vhi's Electric Charge    Tloc/Air       78%        N/A       1%          3
 Manifold Assault         Tloc           63%        N/A       1%          4


Dungeon Overview and Level Annotations

Branches:
Dungeon (1/1)

Altars:
Makhleb


Innate Abilities, Weirdness & Mutations

You are small and have problems with some larger weapons.
You are completely attuned to the shadows.


Message History

Your Invocations skill gained 2 levels and is now at level 25!
A bag of meat and a large bag of meat come into view.
The bag of meat shouts!
The large bag of meat shouts in stereo!
The bag of meat shouts!
You hear a shout! x10
The bag of meat hits you with a +9 war axe!!!
The bag of meat barely misses you.
You hear a shout! x5
Things that are here:
a +9 war axe; a +30 ring of slaying You slash the bag of meat!
You hew the bag of meat savagely.
You kill the bag of meat!
Makhleb accepts your kill.
You feel better.
You slash the bag of meat! You chop the bag of meat into pieces.
You kill the bag of meat!
Makhleb accepts your kill.
You feel better.
You hear a shout! x5
A bag of meat comes into view. It is wielding a +9 war axe.
You hear a shout!
Your Dodging skill increases to level 25!
Your Invocations skill increases to level 26!
You have reached level 17!
You hear a shout! x8
Unknown command.
You slash the bag of meat!
You cleave the bag of meat in twain.
You kill the bag of meat!
Makhleb accepts your kill.
You hear a shout! x9
Your Fighting skill increases to level 24!
Your Axes skill increases to level 21!
You have mastered Invocations!
Unknown command.
Unknown command.
You hear a shout! x6
The bag of meat completely misses you.
The large bag of meat hits you with a +9 giant spiked club!!!!
Ouch! That really hurt!
* * * LOW HITPOINT WARNING * * *
The large bag of meat hits you with a +9 giant spiked club!!!
You die...

.#..)).#...
...._......
...###)....
#.......###
#.....).#
#.....).#..
....)))....
.....)O....
....@).....
...ooO...##
........#.
........#
.#.......


You could see 2 large bags of meat and 2 bags of meat.

Vanquished Creatures
  2 ogres (D)
  14 orcs (D)
16 creatures vanquished.

Notes
Turn   | Place    | Note
-------+----------+-------------------------------------------
     0 | D        | Found the +∞ Axe of Woe
     0 | D        | Monkooky the Kobold Warper began the quest for the Orb.
     0 | D        | Reached XP level 1. HP: 12/12 MP: 3/3
     1 | D        | Noticed a bag of meat
     1 | D        | Killed a bag of meat
     1 | D        | Noticed a bag of meat
     2 | D        | Reached skill level 10 in Fighting
     2 | D        | Reached skill level 10 in Dodging
     2 | D        | Reached skill level 10 in Spellcasting
     2 | D        | Reached XP level 2. HP: 28/28 MP: 3/13
     2 | D        | Reached XP level 3. HP: 32/32 MP: 3/15
     2 | D        | Reached XP level 4. HP: 37/37 MP: 3/16
     2 | D        | Reached XP level 5. HP: 42/42 MP: 3/18
     2 | D        | Reached XP level 6. HP: 48/48 MP: 3/19
     2 | D        | Reached XP level 7. HP: 52/52 MP: 3/21
     2 | D        | Reached XP level 8. HP: 57/57 MP: 3/22
     2 | D        | Reached XP level 9. HP: 62/62 MP: 3/23
     2 | D        | Reached XP level 10. HP: 68/68 MP: 3/24
     2 | D        | Reached XP level 11. HP: 72/72 MP: 3/25
     2 | D        | Killed a bag of meat
     3 | D        | Reached skill level 10 in Axes
     3 | D        | Reached XP level 12. HP: 84/84 MP: 3/26
     3 | D        | Noticed a bag of meat
     5 | D        | Became a worshipper of Makhleb the Destroyer
     6 | D        | Killed a bag of meat
     7 | D        | Reached XP level 13. HP: 93/93 MP: 4/27
     8 | D        | Noticed a meat berserker
     9 | D        | Noticed a bag of meat
    10 | D        | Killed a meat berserker
    10 | D        | Reached * piety under Makhleb
    10 | D        | Noticed a bag of meat
    11 | D        | Reached skill level 12 in Invocations
    11 | D        | Reached XP level 14. HP: 103/103 MP: 4/28
    11 | D        | Noticed a bag of meat
    11 | D        | Noticed a bag of meat
    12 | D        | Killed a bag of meat
    13 | D        | Reached skill level 15 in Axes
    13 | D        | Reached skill level 14 in Invocations
    13 | D        | Noticed a meat berserker
    13 | D        | Noticed a bag of meat
    13 | D        | Noticed a bag of meat
    14 | D        | Killed a bag of meat
    14 | D        | Killed a bag of meat
    14 | D        | Reached ** piety under Makhleb
    14 | D        | Noticed a bag of meat
    15 | D        | Reached skill level 17 in Invocations
    15 | D        | Reached XP level 15. HP: 112/112 MP: 5/29
    16 | D        | Reached skill level 19 in Invocations
    16 | D        | Killed a meat berserker
    17 | D        | Reached skill level 21 in Invocations
    17 | D        | Reached *** piety under Makhleb
    18 | D        | Reached skill level 23 in Invocations
    18 | D        | Reached XP level 16. HP: 123/123 MP: 6/31
    19 | D        | Noticed a large bag of meat
    19 | D        | Reached **** piety under Makhleb
    20 | D        | Reached skill level 25 in Invocations
    20 | D        | Noticed a large bag of meat
    22 | D        | Reached skill level 26 in Invocations
    22 | D        | Reached XP level 17. HP: 132/132 MP: 6/34
    24 | D        | Reached skill level 27 in Invocations
    24 | D        | Demolished by a large bag of meat

Illustrated notes

Levels and vault maps discovered:
D:        meatsprint

Skill      XL: |  1  2  3  4  5  6  7  8  9 10 11 12 13 14 15 16 17 |
---------------+----------------------------------------------------+-----
Fighting       | 10 13 16 17 19 22 23 24 | 24.3
Axes           | 7 10 12 14 16 19 20 21 | 21.4
Throwing       | 4 |  4.1
Armour         | 3 |  3.1
Dodging        | 10 14 17 19 21 23 25 | 25.7
Spellcasting   | 10 | 10.9
Translocations | 17 | 17.9
Invocations    | 12 17 23 26 27 | 27.0

Action                     |  1- 3 |  4- 6 |  7- 9 | 10-12 | 13-15 | 16-18 || total
---------------------------+-------+-------+-------+-------+-------+-------++-------
  Melee: Broad axe         |     1 |       |       |     2 |     6 |     3 ||    12
  Dodge: Dodged            |       |       |       |       |       |     3 ||     3

Table legend: (Time is in decaauts)
 A = Elapsed time spent in this place.
 B = Non-inter-level travel time spent in this place.
 C = Inter-level travel time spent in this place.
 D = Time resting spent in this place.
 E = Time spent auto-exploring this place.
 F = Levels seen in this place.
 G = Mean time per level.
                   A        B        C        D        E       F      G
               +--------+--------+--------+--------+--------+-----+--------+
         Total |     22 |     22 |      0 |      0 |      0 |   1 |   22.0 |
       Dungeon |     22 |     22 |      0 |      0 |      0 |   1 |   22.0 |
               +--------+--------+--------+--------+--------+-----+--------+

Top non-repeatable levels by time:
       D: 22 daAuts
